 Dungeon Sprint DCSS version bcrawl-1.23.1-30-gcf7fa35852 (webtiles) character file.

Game seed: 7699422022278485989

115 funkygono the Destroyer (level 5, -1/31 HPs)
             Began as a Fairy Conjurer on May 30, 2020.
             Killed from afar by a deep elf mage (21 damage)
             ... with a bolt of fire
             ... in the Dungeon (Sprint III: "The Ten Rune Challenge").
             The game lasted 00:00:58 (371 turns).

funkygono the Destroyer (Fairy Conjurer)             Turns: 371, Time: 00:00:58

Health: -1/31      AC:  4    Str:  6    XL:     5   Next: 0%
Magic:  7/13       EV: 18    Int: 20    God:
Gold:   16         SH:  4    Dex: 12    Spells: 7/13 levels left

rFire    . . .     SeeInvis .   (weapon restricted)
rCold    . . .     Gourm    .   (shield restricted)
rNeg     . . .     Faith    .   (armour unavailable)
rPois    .         Spirit   .   (no helmet)
rElec    .         Reflect  .   (no cloak)
rCorr    .         Harm     .   (no gloves)
MR       .....     NoTele   +   (no boots)
Stlth    +.........             (no amulet)
HPRegen  0.10/turn              (no ring)
MPRegen  0.13/turn              (no ring)

@: flying evasively
A: small, magic attunement, unstealthy, unfitting armour, able to fly, AC/SH +4
a: Stop Flying


You were in the Dungeon.
You were not hungry.

You visited 1 branch You collected 16 gold pieces.

Inventory:

Scrolls
 h - a scroll of blinking
Potions
 b - 3 potions of magic
 c - a potion of heal wounds
 d - a potion of curing
 f - a potion of haste
 g - a potion of berserk rage
 i - a potion of might {unknown}
Comestibles
 e - a ration {!d}


   Skills:
 + Level 0.1 Fighting
 + Level 4.4 Dodging
 + Level 2.3 Stealth
 + Level 4.5 Spellcasting
 + Level 10.6 Conjurations


You had 7 spell levels left.
You knew the following spells:

 Your Spells              Type           Power        Failure   Level  Hunger
a - Magic Dart            Conj           ####         1%          1    None
b - Searing Ray           Conj           #####...     1%          2    None
c - Iskenderun's Mystic   Conj           #####...     1%          3    None

Your spell library contained the following spells:

 Spells                   Type           Power        Failure   Level  Hunger
 Fulminant Prism          Conj/Hex       ####......   14%         4    None
 Irradiate                Conj/Tmut      ####......   36%         5    None


Dungeon Overview and Level Annotations

Branches:
Dungeon (1/1)

Altars:
Elyvilon
Zin
The Shining One


Innate Abilities, Weirdness & Mutations

Your spells do not cause hunger and MP costs are reduced by 1.
Your bright wings attract enemies. (Stealth-)
You cannot fit into any form of body armour.
Your shimmering scales are hard and can block incoming attacks. (AC +4, SH +4)
You are small and have problems with some larger weapons.
You can fly continuously.


Message History

The deep elf mage is heavily wounded.
The fire elemental barely misses you.
The searing ray hits the deep elf mage!
The deep elf mage is almost dead.
The fire elemental hits you. The fire elemental burns you!
The deep elf mage gestures wildly while chanting.
The deep elf mage blinks!
Casting: Searing Ray (safe; 1% risk of failure)
Confirm with . or Enter, or press ? or * to list all spells.
Aiming: Searing Ray (safe; 1% risk of failure)
Press: ? - help, Shift-Dir - straight line, f/p - deep elf mage
Aim: a deep elf mage, wielding a +1 long sword of holy wrath (almost dead)
The searing ray hits the deep elf mage!
The deep elf mage is almost dead. (Press . to maintain the ray.)
The fire elemental closely misses you.
The deep elf mage points at you and mumbles some strange words.
The bolt of fire hits you!!
Ouch! That really hurt!
You die...

▓▓▓▓ ▓▓▓ ...####
##.##### ......##
#..#_°☼# ....)..#
#..#.EE# #.##...#
#..###@#+###+ #.###..#
+#..#.......... ##.##..#
#...'.⌠e.......
..##..####...#...######+
..##..###....#.⌠.#
.##...##.....#...#
##....#÷.....#+###
##..##.#.....#
#..#####....#


You could see a deep elf mage and 2 fire elementals.

Vanquished Creatures
  A water elemental (D)
  Jessica (D)
  A human (D)
  A wolf (D)
  2 rats (D)
6 creatures vanquished.

Vanquished Creatures (others)
  2 draconian scorchers (D)
  6 hellions (D)
  A yaktaur (D)
9 creatures vanquished.

Grand Total: 15 creatures vanquished

Notes
Turn   | Place    | Note
-------+----------+-------------------------------------------
     0 | D        | funkygono the Fairy Conjurer began the quest for the Orb.
     0 | D        | Reached XP level 1. HP: 11/11 MP: 6/6
     7 | D        | Reached skill level 5 in Conjurations
    31 | D        | Noticed Jessica
    33 | D        | Killed Jessica
    33 | D        | Reached skill level 7 in Conjurations
    33 | D        | Reached XP level 2. HP: 17/17 MP: 8/8
    33 | D        | Reached XP level 3. HP: 21/21 MP: 9/9
    37 | D        | Learned a level 2 spell: Searing Ray
    41 | D        | Learned a level 3 spell: Iskenderun's Mystic Blast
    70 | D        | Reached skill level 8 in Conjurations
    75 | D        | Reached skill level 9 in Conjurations
    75 | D        | Reached XP level 4. HP: 5/27 MP: 1/11
    86 | D        | Killed a hellion
    87 | D        | Killed a hellion
   138 | D        | Killed a hellion
   159 | D        | Killed a hellion
   160 | D        | Killed a hellion
   161 | D        | Killed a hellion
   166 | D        | Killed a white draconian scorcher
   182 | D        | Killed a yaktaur
   226 | D        | Killed a white draconian scorcher
   306 | D        | Noticed a water elemental
   310 | D        | Killed a water elemental
   310 | D        | Reached skill level 10 in Conjurations
   310 | D        | Reached XP level 5. HP: 29/31 MP: 8/13
   365 | D        | Found a glowing silver altar of Zin.
   366 | D        | Found a glowing golden altar of the Shining One.
   366 | D        | Found a white marble altar of Elyvilon.
   366 | D        | Noticed a deep elf mage
   368 | D        | Noticed a fire elemental
   368 | D        | Noticed a fire elemental
   371 | D        | Killed from afar by a deep elf mage

Skill      XL: |  1  2  3  4 |
---------------+-------------+-----
Conjurations   | 7 9 10 | 10.6
Dodging        | 3 4 |  4.4
Stealth        | 2 |  2.3
Spellcasting   | 3 4 |  4.5
Fighting       | |  0.1

Action                   |  1- 3 |  4- 6 || total
-------------------------+-------+-------++-------
 Cast: Magic Dart        |    13 |     1 ||    14
       Searing Ray       |     1 |     3 ||     4
Armor: Skin              |     1 |     1 ||     2
Dodge: Dodged            |     9 |     4 ||    13
Block: Other             |     2 |       ||     2
